 Seeded DCSS version 0.30-a0-715-gdb4ae3ece1 (webtiles) character file.

Game seed: 5430720872467839093 (custom seed)

273 OTABOTABOTAB the Caller (level 6, 38/38 HPs)
             Began as an Octopode Summoner on Jan 24, 2023.
             Quit the game on level 3 of the Dungeon.
             The game lasted 00:09:11 (3784 turns).

OTABOTABOTAB the Caller (Octopode Summoner)         Turns: 3784, Time: 00:09:11

Health: 38/38      AC:  5    Str: 17    XL:     6   Next: 24%
Magic:  11/11      EV: 13    Int: 19    God:
Gold:   1839       SH:  4    Dex: 11    Spells: 3/12 levels left

rFire   . . .      SeeInvis .    e - +0 short sword (spect)
rCold   + . .      Faith    .    c - +1 buckler "Konitruiseu" {rPois rN+++ Dex-2}
rNeg    + + +      Spirit   .    (helmet restricted)
rPois   +          Reflect  .    (no amulet)
rElec   .          Harm     .    b - +6 ring of strength
rCorr   .          Rampage  .    C - ring of protection from cold {rC+, !d}
Will    .....                    a - ring of Moitunko {AC+4 Str+4}
Stlth   +++                      (no ring)
HPRegen 0.26/turn                (no ring)
MPRegen 0.12/turn                (no ring)
                                 (no ring)
                                 (no ring)

@: no status effects
A: almost no armour, amphibious, 8 rings, camouflage 1, gelatinous body 1,
(nimble swimmer 1), tentacles
a: no special abilities


You were on level 3 of the Dungeon.
You visited 1 branch of the dungeon, and saw 3 of its levels.

You collected 1895 gold pieces.
You spent 56 gold pieces at shops.

Inventory:

Hand Weapons
 e - a +0 spectral short sword (weapon)
   (You took it off a kobold on level 1 of the Dungeon)
Missiles
 q - 5 poisoned darts
 s - 50 stones (quivered)
 t - a throwing net {!d}
Armour
 c - the +1 buckler "Konitruiseu" (worn) {rPois rN+++ Dex-2}
   (You acquired it on level 3 of the Dungeon)

   Dex:       It affects your dexterity (-2).
   rPois:     It protects you from poison.
   rN:        It renders you almost immune to negative energy.
Jewellery
 a - the ring of Moitunko (on tentacle) {AC+4 Str+4}
   (You acquired it on level 3 of the Dungeon)

   [ring of protection]

   AC:        It affects your AC (+4).
   Str:       It affects your strength (+4).
 b - a +6 ring of strength (left tentacle)
   (You found it on level 1 of the Dungeon)
 C - a ring of protection from cold (right tentacle) {rC+, !d}
   (You found it on level 2 of the Dungeon)
Wands
 y - a wand of mindburst (13)
   (You took it off an orc on level 3 of the Dungeon)
Scrolls
 f - 2 scrolls of amnesia
 h - a scroll of noise {!r}
 n - a scroll of enchant armour
Potions
 g - a potion of degeneration {!q}
 i - a potion of ambrosia {unknown}
 j - a potion of attraction {!q}
 r - a potion of berserk rage {unknown}
 J - 3 potions of curing {@q1}
 M - a potion of magic
 P - a potion of lignification {!q}
 U - a potion of mutation {!q}


   Skills:
 + Level 1.4 Fighting
 + Level 2.7 Dodging
 - Level 2.6 Stealth
 + Level 3.7 Spellcasting
 + Level 1.7 Hexes
 + Level 5.3 Summonings


You had 3 spell levels left.
You knew the following spells:

 Your Spells              Type           Power      Damage    Failure   Level
a - Summon Small Mammal   Summ           92%        N/A       2%          1
b - Call Canine Familiar  Summ           23%        N/A       6%          3
c - Call Imp              Summ           23%        N/A       3%          2
d - Summon Guardian Gole  Hex/Summ       16%        N/A       14%         3

Your spell library contained the following spells:

 Spells                   Type           Power      Damage    Failure   Level
 Summon Lightning Spire   Summ/Air       13%        N/A       54%         4


Dungeon Overview and Level Annotations

Branches:
Dungeon (3/15)

Altars:
Okawaru

Shops:
D:2 ?


Innate Abilities, Weirdness & Mutations

You cannot wear most types of armour.
You are amphibious.
You can wear up to eight rings at the same time.
Your skin changes colour to match your surroundings (Stealth+).
Your rubbery body absorbs attacks. (AC +1, EV +1)
((You are camouflaged when in or above water. (Stealth+)))
You have tentacles for arms and can constrict up to eight enemies at once.


Message History

You now have 8/11 mp.
A metallic apparition takes form in the air.
You now have 6/11 mp.
You now have 5/11 mp.
The kobold throws a stone.
The stone barely misses your hound. The stone barely misses you.
The stone closely misses your iron imp.
You now have 4/11 mp.
You swap places.
Your hound barely misses the kobold.
The ball python bites your hound.
The ball python closely misses your hound.
The kobold throws a stone.
The stone hits your hound.
Your hound bites the kobold.
The kobold dies!
The ball python barely misses your hound. x2
Your hound barely misses the ball python.
Your hound bites the ball python. x2; Your rat bites the ball python.
The ball python dies!
Your hound disappears in a puff of smoke!
Your rat disappears in a puff of smoke!
Your rat disappears in a puff of smoke!
Your iron imp disappears in a puff of smoke!
n - 2 scrolls labelled YMAALE IKAA (gained 1)
u - a scroll of identify {@r1} MP restored: 11
s - 46 stones (gained 4)
You see here a +0 short sword.
v - a scroll labelled YJOHA WEPIOPS
Found a steaming robe.
You see here the +2 robe of Binutifa {rPois Dex+5}.
You now have enough gold to buy a scroll of amnesia on D:2.
You now have 57 gold pieces (gained 6).
u - 2 scrolls of identify {@r1} (gained 1)
As you read the scroll of identify {@r1}, it crumbles to dust.
g - a potion of degeneration
As you read the scroll of identify {@r1}, it crumbles to dust.
p - a potion of lignification;
P - a potion of lignification
As you read the scroll labelled ACVEH IGGIFUPE, it crumbles to dust.
Your body is wracked with pain!
It was a scroll of torment.
You take 18 damage, and have 20/38 hp.
MASSIVE DAMAGE!!
As you read the scroll labelled FOAG OXIETEFUL, it crumbles to dust.
The scroll dissolves into smoke.
It was a scroll of fog.
As you read the scroll labelled KIEHURPHODD, it crumbles to dust.
It is a scroll of brand weapon.
Your +0 short sword acquires a faint afterimage.
e - a +0 spectral short sword (weapon)
Nothing appears to happen.
As you read the scroll labelled NEOREISHIR, it crumbles to dust.
It was a scroll of poison.
As you read the scroll labelled OSHUOC TYODAXA, it crumbles to dust.
It is a scroll of amnesia.
Really abort (and waste the scroll)?
Okay, then.
As you read the scroll labelled QODEMI MUTED, it crumbles to dust.
You hear a loud clanging noise!
It was a scroll of noise.
As you read the scroll labelled ULOOHASMUSE, it crumbles to dust.
The air around you briefly surges with heat, but it dissipates.
It was a scroll of immolation.
As you read the scroll labelled VADUNN HIYST, it crumbles to dust.
You feel strangely unstable.
It was a scroll of teleportation.
As you read the scroll labelled YJOHA WEPIOPS, it crumbles to dust.
A profound silence engulfs you.
It was a scroll of silence.
Magic scrolls do not work when you're silenced!
You start resting.
Your surroundings suddenly seem different.
Unknown command.
You start resting.
Your hearing returns.
You regained 7 hp, and now have 30/38 hp.
As you read the scroll labelled YMAALE IKAA, it crumbles to dust.
It is a scroll of enchant armour.
You aren't carrying any armour which can be enchanted further.
You start resting.
Health restored: 38 Unknown command.
Okay, then.
s - 50 stones (gained 4) Done exploring.
Done exploring.
Done exploring.
Done exploring.
This is a scroll of acquirement!
Something appears before you!
a - the ring of Moitunko {AC+4 Str+4} You feel stronger.
a - the ring of Moitunko (on tentacle) {AC+4 Str+4} Something appears before you!
You now have enough gold to buy a scroll of blinking on D:2.
You now have 767 gold pieces (gained 710).
Something appears before you!
c - the +1 buckler "Konitruiseu" {rPois rN+++ Dex-2} You start putting on your armour.
You continue putting on the +1 buckler "Konitruiseu" {rPois rN+++ Dex-2}. x4
You finish putting on the +1 buckler "Konitruiseu" {rPois rN+++ Dex-2}.
You feel clumsy. Something appears before you!
You now have 1839 gold pieces (gained

1072). ###.### #.># #.#
#...# ##.# #.# ###.#
#.#####.# #.## #..##....
#..###.......#
#..)....#..### ###
#..####...##
#.###..####)###
#@.##......)..####
##.##...##..#..#..
#.##..####.##.#.# #.....#
#.##.#.# ########..####
#...)..# ####..........#
##....... #.....#####.#.#
#....รท...
#.....#.....#.#####........
#.....#.#####.##...........


There were no monsters in sight!

Vanquished Creatures
  A gnoll (D:3)
  An endoplasm (D:1)
  3 jackals (D:1)
  A kobold (D:1)
6 creatures vanquished.

Vanquished Creatures (collateral kills)
  A necrophage (D:2)
  An orc priest (D:3)
  An orc wizard (D:3)
  8 gnolls
  2 adders
  3 orcs (D:3)
  3 bats
  5 endoplasms
  A giant cockroach (D:3)
  4 goblins
  4 hobgoblins
  A jackal (D:1)
  5 kobolds
  2 quokkas (D:1)
  6 ball pythons
  2 frilled lizards
  3 rats
52 creatures vanquished.

Grand Total: 58 creatures vanquished

Notes
Turn   | Place    | Note
-------+----------+-------------------------------------------
     0 | D:1      | OTABOTABOTAB the Octopode Summoner began the quest for the
                  | Orb.
     0 | D:1      | Reached XP level 1. HP: 11/11 MP: 3/3
   336 | D:1      | Reached XP level 2. HP: 17/17 MP: 3/5
   392 | D:1      | Learned a level 2 spell: Call Imp
  1191 | D:1      | Reached XP level 3. HP: 21/21 MP: 1/6
  1195 | D:1      | Learned a level 3 spell: Call Canine Familiar
  1603 | D:2      | Found Doddoiw's Magic Scroll Shoppe.
  1699 | D:2      | Noticed a necrophage
  1727 | D:2      | Killed a necrophage
  1728 | D:2      | Reached skill level 3 in Spellcasting
  1728 | D:2      | Reached XP level 4. HP: 27/27 MP: 1/8
  1732 | D:2      | Learned a level 3 spell: Summon Guardian Golem
  1843 | D:2      | Reached skill level 5 in Summonings
  2018 | D:2      | Reached XP level 5. HP: 32/32 MP: 0/10
  2573 | D:2      | Bought a scroll of identify for 28 gold pieces
  2573 | D:2      | Bought a scroll of identify for 28 gold pieces
  2653 | D:3      | Found a faded altar of an unknown god.
  2890 | D:3      | Identified the +3 short sword of the Manifold Quests
                  | {flame, rElec Int+5}
  2910 | D:3      | Reached skill level 1 in Fighting
  2910 | D:3      | Reached skill level 1 in Hexes
  3066 | D:3      | Reached XP level 6. HP: 38/38 MP: 5/11
  3543 | D:3      | Found an iron altar of Okawaru.
  3654 | D:3      | Identified the +2 robe of Binutifa {rPois Dex+5}
  3770 | D:3      | Identified 4 scrolls of acquirement
  3770 | D:3      | Acquired the ring of Moitunko {AC+4 Str+4}
  3773 | D:3      | Acquired 710 gold pieces
  3775 | D:3      | Acquired the +1 buckler "Konitruiseu" {rPois rN+++ Dex-2}
  3782 | D:3      | Acquired 1072 gold pieces
  3784 | D:3      | Quit the game

Illustrated notes

Levels and vault maps discovered:
D:1:      dpeg_arrival_boxes_within_box, layout_basic
D:2:      layout_loops_ring, serial_shops, shop, nicolae_kite_square_tiling_tiny
D:3:      layout_rooms, okawaru_metal_pillars_3, ebering_ecumenical_altar_rust

Skill      XL: |  1  2  3  4  5 |
---------------+----------------+-----
Spellcasting   | 3 |  3.7
Summonings     | 5 |  5.3
Fighting       | 1 |  1.4
Hexes          | 1 |  1.7
Dodging        | |  2.7
Stealth        | |  2.6

Action                     |  1- 3 |  4- 6 || total
---------------------------+-------+-------++-------
  Melee: Short sword       |    13 |     2 ||    15
         Unarmed           |     2 |       ||     2
         Constrict         |     4 |     1 ||     5
         Tentacles         |     2 |     1 ||     3
         Punch             |     1 |       ||     1
  Throw: Stone             |       |     3 ||     3
   Cast: Summon Small Mamm |    37 |    26 ||    63
         Call Imp          |    14 |    18 ||    32
         Call Canine Famil |     2 |    14 ||    16
    Use: Scroll            |       |    19 ||    19
 Armour: Skin              |     4 |     2 ||     6
  Dodge: Dodged            |    18 |    11 ||    29

Table legend: (Time is in decaauts)
 A = Elapsed time spent in this place.
 B = Non-inter-level travel time spent in this place.
 C = Inter-level travel time spent in this place.
 D = Time resting spent in this place.
 E = Time spent auto-exploring this place.
 F = Levels seen in this place.
 G = Mean time per level.
                   A        B        C        D        E       F      G
               +--------+--------+--------+--------+--------+-----+--------+
         Total |   3782 |   3683 |     99 |    278 |   2655 |   3 | 1260.7 |
       Dungeon |   3782 |   3683 |     99 |    278 |   2655 |   3 | 1260.7 |
               +--------+--------+--------+--------+--------+-----+--------+

Top non-repeatable levels by time:
     D:1: 1450 daAuts
     D:3: 1188 daAuts
     D:2: 1144 daAuts

Table legend:
 A = Kills in this place as a percentage of kills in entire the game.
 B = Kills by you in this place as a percentage of kills by you in the entire game.
 C = Kills by friends in this place as a percentage of kills by friends in the entire game.
 D = Other kills in this place as a percentage of other kills in the entire game.
 E = Experience gained in this place as a percentage of experience gained in the entire game.
 F = Experience gained in this place divided by the number of levels of this place that you have seen.
                   A       B       C       D       E      F
               +-------+-------+-------+-------+-------+----------------------
         Total | 100.0 | 100.0 | 100.0 |   N/A | 100.0 | 130.3
       Dungeon | 100.0 | 100.0 | 100.0 |   N/A | 100.0 | 130.3
               +-------+-------+-------+-------+-------+----------------------
